 Dungeon Crawl Stone Soup version 0.31.0-2-g5a2aebc5c2 (webtiles) character file.

Game seed: 1891632045311351828

400 sasquatch the Cleaver (level 6, -1/51 HPs)
             Began as a Minotaur Fighter on Jan 20, 2024.
             Incinerated by a bombardier beetle (6 damage)
             ... with a burning spray
             ... on level 5 of the Dungeon.
             The game lasted 00:03:18 (3313 turns).

sasquatch the Cleaver (Minotaur Fighter)            Turns: 3313, Time: 00:03:19

Health: -1/51      AC:  8    Str: 22    XL:     6   Next: 54%
Magic:  5/5        EV:  9    Int:  5    God:
Gold:   199        SH:  4    Dex: 10    Spells: 5/5 levels left

rFire   . . .        a - +0 war axe
rCold   . . .        c - +0 buckler
rNeg    . . .        b - +0 scale mail
rPois   .            (helmet restricted)
rElec   .            (no cloak)
rCorr   .            (no gloves)
SInv    .            m - +0 pair of boots
Will    .....        (no amulet) Stlth
                     i - ring of flight
HPRegen 0.28/turn    (no ring)
MPRegen 0.09/turn

%: no passive effects
@: on fire, flying, glowing
A: horns 2, retaliatory headbutt
a: no special abilities


You were on level 5 of the Dungeon.
You visited 1 branch of the dungeon, and saw 5 of its levels.

You collected 199 gold pieces.

Inventory:

Hand Weapons
 a - a +0 war axe (weapon)
 w - a +0 flail of holy wrath
Missiles
 r - 4 silver javelins (quivered)
 v - 3 poisoned darts
Armour
 b - a +0 scale mail (worn)
 c - a +0 buckler (worn)
 m - a +0 pair of boots (worn)
 t - a +0 plate armour
Jewellery
 i - a ring of flight (left hand)
Wands
 o - a wand of digging (9)
Scrolls
 e - 5 scrolls of identify {unknown}
 f - a scroll of teleportation {unknown}
 l - a scroll of noise {unknown}
 n - a scroll of enchant weapon {unknown}
 p - a scroll of immolation
 q - 2 scrolls of amnesia {unknown}
Potions
 d - a potion of might
 g - a potion of brilliance {unknown}
 h - a potion of cancellation {unknown}
 j - 2 potions of curing {unknown}
 k - a potion of mutation {unknown}
 s - a potion of degeneration {unknown}
 u - a potion of heal wounds {unknown}


   Skills:
 - Level 3.6 Fighting
 + Level 8.5 Axes
 - Level 3.6 Armour
 - Level 3.6 Shields


You had 5 spell levels left.
You didn't know any spells.
Your spell library contained the following spells:

 Spells                   Type           Power      Damage    Failure   Level
 Shock                    Conj/Air       0%         1d3       86%         1
 Swiftness                Air            0%         N/A       99%         3
 Tukima's Dance           Hex            0%         N/A       99%         3
 Airstrike                Air            0%         2d(0-16)  100%        4
 Passage of Golubria      Tloc           0%         N/A       100%        4
 Yara's Violent Unravell  Hex/Alch       0%         3d3       100%        5
 Chain Lightning          Conj/Air       0%         N/A       100%        9
 Fire Storm               Conj/Fire      0%         5d1       100%        9
 Shatter                  Erth           0%         3d5*      100%        9


Dungeon Overview and Level Annotations

Branches:
Dungeon (5/15)
 Temple: D:4-7

Altars:
Gozag
Nemelex Xobeh
Wu Jian

Annotations:
D:5 1 runed translucent door, cowcol's ghost, novice MiFi


Innate Abilities, Weirdness & Mutations

You have a pair of horns on your head.
You reflexively headbutt those who attack you in melee.


Message History

The bombardier beetle is moderately wounded.
The bombardier beetle barely misses you.
You completely miss the bombardier beetle.
The bombardier beetle is moderately wounded.
You hit the bombardier beetle.
The bombardier beetle is heavily wounded.
The bombardier beetle sprays incendiary fluid at you.
The burning spray hits you.
You are covered in liquid fire!
You closely miss the bombardier beetle. You headbutt the bombardier beetle.
The bombardier beetle is severely wounded.
The liquid fire burns you!
The bombardier beetle sprays incendiary fluid at you.
The burning spray hits you.
You are even more covered in liquid fire!
You slash the bombardier beetle!
You kill the bombardier beetle!
The liquid fire burns you!
No target in view!
You fly up into the air.
i - a ring of flight (left hand)
The liquid fire burns you!
You are on fire!
The liquid fire burns you! The liquid fire burns you!
The liquid fire burns you! The liquid fire burns you!
The liquid fire burns you! The liquid fire burns you!
The liquid fire burns you!
* * * LOW HITPOINT WARNING * * *
You shake off some of the fire as you move.
The liquid fire burns you!
* * * LOW HITPOINT WARNING * * *
You shake off some of the fire as you move.
The liquid fire burns you!
* * * LOW HITPOINT WARNING * * *
You shake off some of the fire as you move.
The liquid fire burns you!
You die...

+. #. #.. + #..
..##..##########
...............#
#...........#
#..†...@...#######
#+#######..#....>#
######..#.....#
+.......#.....#
#.......#.....#
######.##..####'##
#..###.##..##...#
#....#......#...#
#....'.....##'###


There were no monsters in sight!

Vanquished Creatures
  A phantom (D:4)
  A bombardier beetle (D:5)
  A jelly (D:3)
  A hound (D:4)
  6 gnolls
  8 adders
  A shadow imp (D:4)
  3 white imps (D:4)
  2 ribbon worms (D:2)
  A dart slug (D:3)
  5 orcs
  4 endoplasms
  A giant cockroach (D:2)
  8 goblins
  6 hobgoblins
  2 jackals (D:2)
  A quokka (D:2)
  7 ball pythons
  9 bats
  A frilled lizard (D:3)
  4 kobolds
  3 rats
76 creatures vanquished.

Notes
Turn   | Place    | Note
-------+----------+-------------------------------------------
     0 | D:1      | sasquatch the Minotaur Fighter began the quest for the Orb.
     0 | D:1      | Reached XP level 1. HP: 19/19 MP: 0/0
   220 | D:1      | Reached skill level 3 in Axes
   303 | D:1      | Reached XP level 2. HP: 26/26 MP: 1/1
   849 | D:1      | Reached skill level 4 in Axes
   852 | D:1      | Reached XP level 3. HP: 12/31 MP: 2/2
   939 | D:2      | Reached skill level 5 in Axes
   993 | D:2      | Reached XP level 4. HP: 39/39 MP: 3/3
  1453 | D:3      | Found an opulent altar of Gozag.
  1490 | D:3      | Reached skill level 6 in Axes
  1562 | D:3      | Found a sparkling altar of Nemelex Xobeh.
  1565 | D:3      | Reached XP level 5. HP: 42/45 MP: 4/4
  2401 | D:4      | Reached skill level 7 in Axes
  2566 | D:4      | Found an ornate altar of the Wu Jian Council.
  2567 | D:4      | Noticed a phantom
  2575 | D:4      | Killed a phantom
  2576 | D:4      | Reached XP level 6. HP: 46/51 MP: 5/5
  2871 | D:4      | Reached skill level 8 in Axes
  3058 | D:5      | Entered Level 5 of the Dungeon
  3228 | D:5      | Noticed cowcol's ghost (novice MiFi)
  3228 | D:5      | Noticed a shadow
  3228 | D:5      | Found a runed translucent door.
  3313 | D:5      | Incinerated by a bombardier beetle

Illustrated notes

Levels and vault maps discovered:
D:1:      elethiomel_arrival_maze, layout_loops_ring
D:2:      layout_basic, nicolae_the_louvre
D:3:      layout_basic, mainiacjoe_overflow_tiny_flanked, marbit_many_paths
D:4:      layout_gridville, mainiacjoe_overflow_catwalk, kennysheep_donut,
          serial_library_hellmonk_octagon
D:5:      layout_gridville, jmf_multi_god_temple2, ebering_ghost_inner_flame,
          kennysheep_small_square

Skill      XL: |  1  2  3  4  5  6 |
---------------+-------------------+-----
Axes           | 3 4 5 6 7 8 |  8.5
Fighting       | |  3.6
Armour         | |  3.6
Shields        | |  3.6

Action                     |  1- 3 |  4- 6 || total
---------------------------+-------+-------++-------
  Melee: War axe           |    42 |   133 ||   175
         Headbutt          |     3 |    17 ||    20
 Armour: Scale mail        |    33 |    85 ||   118
  Dodge: Dodged            |    25 |    51 ||    76
  Block: Buckler           |     6 |    31 ||    37
